 Dungeon Crawl Stone Soup version 0.31.0-32-g396128a36d (webtiles) character file.

Game seed: 17094383742631471337

561 leafyfresh the Covert (level 7, -1/60 HPs)
             Began as a Gnoll Delver on Mar 28, 2024.
             Slain by an ice beast (14 damage)
             ... on level 6 of the Dungeon.
             The game lasted 00:01:52 (1763 turns).

leafyfresh the Covert (Gnoll Delver)                Turns: 1763, Time: 00:01:52

Health: -1/60      AC:  3    Str: 15    XL:     7   Next: 31%
Magic:  10/10      EV: 14    Int:  9    God:
Gold:   39         SH:  0    Dex: 15    Spells: 11/11 levels left

rFire   . . .        k - +1 rapier "Hiurchac" {elec, rPois Str+3 SInv}
rCold   . . .        (no shield)
rNeg    . . .        b - +0 leather armour
rPois   +            (no helmet)
rElec   .            (no cloak)
rCorr   .            (no gloves)
SInv    +            (no boots)
Will    .....        (no amulet)
Stlth   ++++         (no ring)
HPRegen 0.30/turn    (no ring)
MPRegen 0.12/turn

%: no passive effects
@: no status effects
A: fangs 1, strong nose, distributed training
a: no special abilities


You were on level 6 of the Dungeon.
You visited 1 branch of the dungeon, and saw 2 of its levels.

You collected 39 gold pieces.

Inventory:

Hand Weapons
 a - a +0 short sword
 k - the +1 rapier "Hiurchac" (weapon) {elec, rPois Str+3 SInv}
   (You found it on level 5 of the Dungeon)

   Str+3:     It affects your strength (+3).
   rPois:     It protects you from poison SInv: It lets you see invisible.
Armour
 b - a +0 leather armour (worn)
Wands
 g - a wand of digging (12)
Scrolls
 c - 3 scrolls of fog
 d - 2 scrolls of revelation
 e - 2 scrolls of fear
 h - 3 scrolls of noise {unknown}
 i - a scroll of poison {unknown}
 j - a scroll of identify {unknown}
Potions
 f - 2 potions of haste
 l - 2 potions of brilliance {unknown}
 m - a potion of heal wounds {unknown}
 n - a potion of curing {unknown}
 o - a potion of magic {unknown}
 p - 2 potions of mutation {unknown}
 q - a potion of enlightenment {unknown}


   Skills:
 + Level 7.0 Fighting
 + Level 5.2 Short Blades
 + Level 2.5 Long Blades
 + Level 2.5 Axes
 + Level 2.5 Maces & Flails
 + Level 2.5 Polearms
 + Level 2.5 Staves
 + Level 2.5 Ranged Weapons
 + Level 2.5 Throwing
 + Level 2.5 Armour
 + Level 5.2 Dodging
 + Level 9.9 Stealth
 + Level 2.5 Shields
 + Level 2.5 Unarmed Combat
 + Level 2.5 Spellcasting
 + Level 2.0 Conjurations
 + Level 2.0 Hexes
 + Level 2.0 Summonings
 + Level 2.0 Necromancy
 + Level 2.0 Translocations
 + Level 2.0 Fire Magic
 + Level 2.0 Ice Magic
 + Level 2.0 Air Magic
 + Level 2.0 Earth Magic
 + Level 2.0 Alchemy
 + Level 2.8 Invocations
 + Level 2.5 Evocations
 + Level 2.2 Shapeshifting


You had 11 spell levels left.
You didn't know any spells.
Your spell library contained the following spells:

 Spells                   Type           Power      Damage    Failure   Level
 Mercury Vapours          Alch/Air       8%         N/A       26%         2
 Mephitic Cloud           Conj/Alch/Air  4%         N/A       45%         3
 Freezing Cloud           Conj/Ice/Air   2%         6-21      99%         5


Dungeon Overview and Level Annotations

Branches:
Dungeon (6/15)
 Temple: D:4-7

Altars:
Yredelemnul

Annotations:
D:5 3 runed translucent doors, EvilEddieB's ghost, novice DsNe


Innate Abilities, Weirdness & Mutations

You have very sharp teeth.
Your uncanny sense of smell can sniff out nearby items.
Your experience applies equally to all skills.


Message History

The ice beast misses you.
You hit the ice beast but do no damage.
The ice beast is lightly wounded.
The ice beast hits you. The ice beast freezes you!
You hit the ice beast.
You bite the ice beast, but do no damage.
The ice beast is lightly wounded.
The ice beast closely misses you.
You hit the ice beast.
The ice beast is moderately wounded.
The ice beast closely misses you.
You barely miss the ice beast.
The ice beast is moderately wounded.
The ice beast hits you but does no damage.
You hit the ice beast.
The ice beast is moderately wounded.
The ice beast hits you but does no damage.
You hit the ice beast but do no damage. Your bite misses the ice beast.
The ice beast is moderately wounded.
The ice beast hits you. The ice beast freezes you.
You are too injured to fight recklessly!
You are too injured to fight recklessly!
You are too injured to fight recklessly!
You closely miss the ice beast. You bite the ice beast.
The ice beast is moderately wounded.
You barely miss the ice beast.
The ice beast is moderately wounded.
The ice beast barely misses you.
You hit the ice beast but do no damage.
Lightning courses through the ice beast!
You bite the ice beast, but do no damage.
The ice beast is almost dead.
The ice beast hits you. The ice beast freezes you!
* * * LOW HITPOINT WARNING * * *
You hit the ice beast but do no damage.
The ice beast is almost dead.
The ice beast hits you.
* * * LOW HITPOINT WARNING * * *
The ice beast freezes you!
You die...

+...........#.....' ...
#...<.......#.....#
...#...........#.....#
#..#######...#########
#######..##.####...####...##
#.....#......#.....#........
#.....#......#.....#........
#.....#....Y.#.....#........
#.....#....@##.....##...##..
#.....#.....##'######...##..
#.....#............#........
#######<.###.....##.....#......<.
...#..#..##########.....#........
....#....#.......###'#####...####
....#....#.......##.....##...##..
....#....#...................#...
....#....#...................#...


You could see an ice beast.

Vanquished Creatures
  An ice beast (D:6)
  A sky beast (D:6)
  2 scorpions
  A jelly (D:6)
  2 hounds
  An orc priest (D:5)
  2 iguanas
  2 hound zombies (D:5)
  2 adders
  A shadow imp (D:5)
  4 ufetubi (D:6)
  A ribbon worm (D:5)
  5 orcs (D:5)
  3 jackals (D:5)
  A quokka (D:5)
29 creatures vanquished.

Notes
Turn   | Place    | Note
-------+----------+-------------------------------------------
     0 | D:5      | Reached skill level 9 in Stealth
     0 | D:5      | leafyfresh the Gnoll Delver began the quest for the Orb.
     0 | D:5      | Reached XP level 1. HP: 23/23 MP: 1/1
    84 | D:5      | Noticed a scorpion
    87 | D:5      | Killed a scorpion
    88 | D:5      | Reached skill level 1 in Long Blades
    88 | D:5      | Reached skill level 1 in Axes
    88 | D:5      | Reached skill level 1 in Maces & Flails
    88 | D:5      | Reached skill level 1 in Polearms
    88 | D:5      | Reached skill level 1 in Staves
    88 | D:5      | Reached skill level 1 in Ranged Weapons
    88 | D:5      | Reached skill level 1 in Throwing
    88 | D:5      | Reached skill level 1 in Armour
    88 | D:5      | Reached skill level 1 in Shields
    88 | D:5      | Reached skill level 1 in Unarmed Combat
    88 | D:5      | Reached skill level 1 in Spellcasting
    88 | D:5      | Reached skill level 1 in Invocations
    88 | D:5      | Reached skill level 1 in Evocations
    88 | D:5      | Reached XP level 2. HP: 29/29 MP: 1/3
    88 | D:5      | Reached XP level 3. HP: 35/35 MP: 1/4
   139 | D:5      | Reached skill level 1 in Conjurations
   139 | D:5      | Reached skill level 1 in Hexes
   139 | D:5      | Reached skill level 1 in Summonings
   139 | D:5      | Reached skill level 1 in Necromancy
   139 | D:5      | Reached skill level 1 in Translocations
   139 | D:5      | Reached skill level 1 in Fire Magic
   139 | D:5      | Reached skill level 1 in Ice Magic
   139 | D:5      | Reached skill level 1 in Air Magic
   139 | D:5      | Reached skill level 1 in Earth Magic
   139 | D:5      | Reached skill level 1 in Alchemy
   139 | D:5      | Reached skill level 1 in Shapeshifting
   139 | D:5      | Reached XP level 4. HP: 41/41 MP: 5/5
   201 | D:5      | Identified the +1 rapier "Hiurchac" {elec, rPois Str+3
                  | SInv}
   800 | D:5      | Found a runed translucent gate.
   800 | D:5      | Found a runed translucent gate.
   800 | D:5      | Found a runed translucent gate.
   800 | D:5      | Noticed EvilEddieB's ghost (novice DsNe)
   802 | D:5      | Found a basalt altar of Yredelemnul.
   806 | D:5      | Reached XP level 5. HP: 44/47 MP: 7/7
  1161 | D:6      | Reached skill level 5 in Short Blades
  1161 | D:6      | Reached skill level 5 in Dodging
  1161 | D:6      | Reached XP level 6. HP: 28/53 MP: 7/9
  1271 | D:6      | Noticed a sky beast
  1282 | D:6      | Killed a sky beast
  1487 | D:6      | Noticed an ice beast
  1490 | D:6      | Killed an ice beast
  1491 | D:6      | Reached XP level 7. HP: 60/60 MP: 10/10
  1763 | D:6      | Slain by an ice beast

Illustrated notes

Levels and vault maps discovered:
D:5:      layout_loops_cross, nicolae_yredelemnul_ghost_church,
          nicolae_twisty_statue_hallways
D:6:      layout_gridville, minmay_misc_feat_five

Skill      XL: |  1  2  3  4  5  6  7 |
---------------+----------------------+-----
Stealth        | |  9.9
Long Blades    | 1 2 |  2.5
Axes           | 1 2 |  2.5
Maces & Flails | 1 2 |  2.5
Polearms       | 1 2 |  2.5
Staves         | 1 2 |  2.5
Ranged Weapons | 1 2 |  2.5
Throwing       | 1 2 |  2.5
Armour         | 1 2 |  2.5
Shields        | 1 2 |  2.5
Unarmed Combat | 1 2 |  2.5
Spellcasting   | 1 2 |  2.5
Invocations    | 1 2 |  2.8
Evocations     | 1 2 |  2.5
Conjurations   | 1 2 |  2.0
Hexes          | 1 2 |  2.0
Summonings     | 1 2 |  2.0
Necromancy     | 1 2 |  2.0
Translocations | 1 2 |  2.0
Fire Magic     | 1 2 |  2.0
Ice Magic      | 1 2 |  2.0
Air Magic      | 1 2 |  2.0
Earth Magic    | 1 2 |  2.0
Alchemy        | 1 2 |  2.0
Shapeshifting  | 1 2 |  2.2
Short Blades   | 5 |  5.2
Dodging        | 5 |  5.2
Fighting       | 7 |  7.0

Action                     |  1- 3 |  4- 6 |  7- 9 || total
---------------------------+-------+-------+-------++-------
  Melee: Short sword       |     2 |    17 |       ||    19
         Rapier            |       |    63 |    26 ||    89
         Bite              |       |    11 |     3 ||    14
   Stab: Sleeping          |     2 |     4 |     3 ||     9
 Armour: Leather armour    |       |    35 |    20 ||    55
  Dodge: Dodged            |       |    44 |    21 ||    65
